 Dungeon Crawl Stone Soup version 0.26.1-11-gd32895ea62 (webtiles) character file.

Game seed: 11198687049849079049

1572 Zeld the Chucker (level 8, 0/78 HPs)
             Began as an Octopode Fighter on May 11, 2021.
             Was a Believer of Okawaru.
             Slain by a killer bee (6 damage)
             ... on level 7 of the Dungeon.
             The game lasted 00:07:18 (7477 turns).

Zeld the Chucker (Octopode Fighter)                 Turns: 7477, Time: 00:07:19

Health: 0/78       AC:  1    Str: 17    XL:     8   Next: 90%
Magic:  17/18      EV: 11    Int: 10    God:    Okawaru [**....]
Gold:   509        SH: 10    Dex: 12    Spells: 20/20 levels left

rFire    . . .     SeeInvis .   a - +1 war axe
rCold    . . .     Faith    .   b - +1 kite shield
rNeg     . . .     Spirit   .   (helmet restricted)
rPois    .         Reflect  .   (no amulet)
rElec    .         Harm     .   (no ring)
rCorr    .         Rampage  .   (no ring)
Will     .....                  (no ring)
Stlth    ..........             (no ring)
HPRegen  0.23/turn              (no ring)
MPRegen  0.16/turn              (no ring)
                                (no ring)
                                (no ring)

@: berserking, lethally poisoned (0 -> -27), very quick
A: almost no armour, stealthy swim, amphibious, 8 rings, constrict 8, camouflage
1, gelatinous body 1
a: Renounce Religion, Heroism


You were on level 7 of the Dungeon.
You worshipped Okawaru.
Okawaru was pleased with you.
You visited 2 branches of the dungeon, and saw 8 of its levels.
You also visited: Sewer.

You collected 509 gold pieces.

Inventory:

Hand Weapons
 a - a +1 war axe (weapon)
Missiles
 d - 14 poisoned darts (quivered)
 e - 8 javelins
Armour
 b - a +1 kite shield (worn)
Jewellery
 f - an uncursed amulet of faith {unknown}
 k - a cursed -4 ring of strength {unknown}
 l - an uncursed amulet of regeneration {unknown}
 v - an uncursed ring of see invisible {unknown}
Wands
 q - a wand of acid (3)
Potions
 c - 3 potions of might
 g - 3 potions of brilliance
 j - a potion of degeneration {unknown}
 m - 2 potions of magic {unknown}
 n - 2 potions of flight {unknown}
 o - 3 potions of attraction {unknown}
 p - 2 potions of curing {unknown}
 r - 3 potions of heal wounds {unknown}
 s - a potion of cancellation {unknown}


   Skills:
 - Level 3.3 Fighting
 - Level 2.4 Axes
 * Level 7.3 Throwing
 - Level 3.0 Dodging
 - Level 3.3 Shields
 * Level 6.7 Spellcasting


You had 20 spell levels left.
You didn't know any spells.
Your spell library was empty.

Dungeon Overview and Level Annotations

Branches:
Dungeon (7/15)             Temple (1/1) D:5           Sewer (visited)

Altars:
Ashenzari
Dithmenos
Elyvilon
Fedhas
Gozag
Hepliaklqana
Kikubaaqudgha
Makhleb
Nemelex Xobeh
Okawaru
Qazlal
Ru
Sif Muna
Trog
Vehumet
Wu Jian
Xom
Yredelemnul
Zin
The Shining One

Annotations:
D:7 exclusion: hornet


Innate Abilities, Weirdness & Mutations

You cannot wear most types of armour.
You are very stealthy in the water. (Stealth+)
You are amphibious.
You can wear up to eight rings at the same time.
You can use your tentacles to constrict eight enemies at once.
Your skin changes colour to match your surroundings (Stealth+).
Your rubbery body absorbs attacks. (AC +1, EV +1)


Message History

You slash the killer bee!
You kill the killer bee!
Okawaru accepts your kill.
* * * LOW HITPOINT WARNING * * *
You feel sick. The killer bee misses you.
The orc wizard hits you with a +0 dagger.
* * * LOW HITPOINT WARNING * * *
You block the killer bee's attack. The killer bee stings you.
* * * LOW HITPOINT WARNING * * *
You hit the killer bee. Your grab misses the killer bee.
The killer bee is lightly wounded.
You barely miss the orc wizard. You miss the killer bee.
* * * LOW HITPOINT WARNING * * *
You feel very sick. The killer bee stings you.
* * * LOW HITPOINT WARNING * * *
The killer bee barely misses you. The orc wizard barely misses you.
The killer bee stings you but does no damage.
The killer bee stings you.
You die...

#+## . #..# ..# ...# ....
...# ..... ####..#
......############# ..##..#
......y@........).#
......#########oy..........#
..............+............#
..##..##......#............#
..##..##......######'#.....#
..##..........+......#######
..##..##..##..##.....#....#
..##..##..##..##.....#....#
..######.............#....#


You could see 2 killer bees and an orc wizard.

Vanquished Creatures
  An orc warrior (D:7)
  A sky beast (D:6)
  A phantom (D:4)
  3 ogres (D:4)
  3 bullfrogs
  Blork the orc (D:6)
  2 scorpions
  2 killer bees (D:7)
  A bullfrog zombie (D:6)
  A quasit (D:6)
  2 hounds
  A jelly (D:5)
  An orc wizard (D:7)
  An iguana (D:4)
  7 worker ants
  A hound skeleton (D:4)
  3 gnolls (D:6)
  3 adders
  2 river rats (D:4)
  An ufetubus (D:6)
  3 oozes
  An adder skeleton (D:4)
  A worm (D:3)
  7 leopard geckos
  11 orcs
  2 ball pythons
  10 giant cockroaches
  10 goblins
  12 hobgoblins
  6 jackals
  4 kobolds
  5 quokkas
  5 bats
  15 frilled lizards
  A jackal skeleton (D:6)
  A leopard gecko zombie (D:7)
  A quokka skeleton (D:5)
  11 rats
144 creatures vanquished.

Vanquished Creatures (others)
  10 plants (D:2)
10 creatures vanquished.

Grand Total: 154 creatures vanquished

Notes
Turn   | Place    | Note
-------+----------+-------------------------------------------
     0 | D:1      | Zeld the Octopode Fighter began the quest for the Orb.
     0 | D:1      | Reached XP level 1. HP: 16/16 MP: 1/1
    93 | D:1      | Reached XP level 2. HP: 18/21 MP: 2/2
   365 | D:1      | Reached XP level 3. HP: 26/26 MP: 3/3
   733 | D:2      | Reached skill level 1 in Throwing
   769 | D:2      | Reached skill level 1 in Spellcasting
   955 | D:2      | Reached XP level 4. HP: 25/31 MP: 4/6
  1325 | D:2      | Found a glowing silver altar of Zin.
  1328 | D:2      | Found an iron altar of Okawaru.
  1333 | D:2      | Became a worshipper of Warmaster Okawaru
  1337 | D:2      | Found an ornate altar of the Wu Jian Council.
  1879 | D:3      | Reached skill level 2 in Throwing
  2436 | D:4      | Noticed an ogre
  2457 | D:4      | Killed an ogre
  2458 | D:4      | Reached skill level 3 in Throwing
  2458 | D:4      | Reached XP level 5. HP: 36/36 MP: 7/9
  2501 | D:4      | Reached XP level 6. HP: 37/42 MP: 10/10
  2510 | D:4      | Found a glowing drain.
  2529 | Sewer    | Entered a sewer
  3213 | Sewer    | Reached * piety under Okawaru
  3217 | Sewer    | Reached skill level 4 in Throwing
  3453 | D:4      | Reached XP level 7. HP: 46/46 MP: 11/13
  3494 | D:4      | Reached skill level 5 in Throwing
  3745 | D:4      | Found a broken altar of Ashenzari.
  3745 | D:4      | Found a shadowy altar of Dithmenos.
  3746 | D:4      | Found a sparkling altar of Nemelex Xobeh.
  3941 | D:4      | Found a white marble altar of Elyvilon.
  4148 | D:5      | Entered Level 5 of the Dungeon
  4148 | D:5      | Found a staircase to the Ecumenical Temple.
  4156 | Temple   | Entered the Ecumenical Temple
  4868 | D:5      | Reached skill level 5 in Spellcasting
  5158 | D:6      | Reached XP level 8. HP: 38/52 MP: 15/15
  5994 | D:6      | Reached skill level 6 in Throwing
  6449 | D:6      | Noticed Blork the orc
  6457 | D:6      | Killed Blork the orc
  6457 | D:6      | Reached ** piety under Okawaru
  7057 | D:7      | Noticed a hornet
  7114 | D:7      | Found a bloodstained altar of Trog.
  7268 | D:7      | Reached skill level 7 in Throwing
  7477 | D:7      | Slain by a killer bee

Illustrated notes

Levels and vault maps discovered:
D:1:      dpeg_arrival_more_subterranean_lakeside_camping, layout_loops_ring,
          fountainhead
D:2:      layout_rooms, grunt_temple_overflow_diamond, serial_forest,
          infiniplex_forest_straight_3, infiniplex_forest_straight_2,
          infiniplex_forest_clump_diagonal, infiniplex_forest_clump_C,
          infiniplex_forest_diagonal, infiniplex_forest_clump_double,
          infiniplex_forest_straight_5, infiniplex_forest_straight_1
D:3:      layout_loops_ring
D:4:      layout_cave_pools, overflow_temple_1_default,
          gammafunk_temple_overflow_claw, portal_sewer_entry_a
D:5:      layout_loops_ring, minmay_temple_entry_trees
D:6:      layout_rooms, minmay_crossroads, uniq_blork_the_orc
D:7:      layout_gridville, overflow_temple_1_default
Temple:   nicolae_temple_hex_pool

Skill      XL: |  1  2  3  4  5  6  7  8 |
---------------+-------------------------+-----
Throwing       | 1 3 4 5 7 |  7.3
Spellcasting   | 1 2 3 4 5 6 |  6.7
Fighting       | |  3.3
Axes           | |  2.4
Dodging        | |  3.0
Shields        | |  3.3

Action                   |  1- 3 |  4- 6 |  7- 9 || total
-------------------------+-------+-------+-------++-------
Melee: War axe           |    53 |   105 |   110 ||   268
       Constrict         |    19 |    22 |    26 ||    67
       Tentacles         |    12 |    14 |    18 ||    44
Throw: Dart              |       |     2 |    18 ||    20
Invok: Heroism           |       |       |     1 ||     1
Evoke: Wand              |       |     3 |     6 ||     9
  Use: Scroll            |       |     5 |     5 ||    10
       Potion            |       |       |     1 ||     1
 Stab: Sleeping          |     6 |     5 |     6 ||    17
       Distracted        |       |     1 |       ||     1
Armor: Skin              |     3 |     7 |     6 ||    16
Dodge: Dodged            |    16 |    40 |    66 ||   122
Block: Kite shield       |    17 |    47 |    65 ||   129
